 Seeded DCSS version 0.29-a0-96-g93358da72b (webtiles) character file.

Game seed: 8896313398491821788 (custom seed)

61 innerfire433 the Ducker (level 4, -2/35 HPs)
             Began as a Djinni Monk on Feb 10, 2022.
             Slain by a mummy (4 damage)
             ... in an ossuary.
             The game lasted 00:02:37 (1391 turns).

innerfire433 the Ducker (Djinni Monk)               Turns: 1391, Time: 00:02:37

Health: -2/35      AC:  2    Str: 12    XL:     4   Next: 27%
Gold:   31         EV: 14    Int: 11    God:
                   SH:  0    Dex: 16

rFire   + + .      SeeInvis .   a - +0 spear
rCold   x . .      Faith    .   (no shield)
rNeg    . . .      Spirit   .   b - +0 robe
rPois   ∞          Reflect  .   (no helmet)
rElec   .          Harm     .   (no cloak)
rCorr   .          Rampage  .   (no gloves)
Will    .....                   (boots unavailable)
Stlth   ++........              (no amulet)
HPRegen 0.11/turn               (no ring)
MPRegen 0.00/turn               (no ring)

@: weak-willed, marked, flying
A: sickness immunity, fire resistance 2, cold vulnerability 1, float, innate
caster, HP casting, extra vitality 1
a: no special abilities


You were in an ossuary.
You visited 1 branch of the dungeon, and saw 3 of its levels.
You also visited: Ossuary.

You collected 31 gold pieces.

Inventory:

Hand Weapons
 a - a +0 spear (weapon)
Armour
 b - a +0 robe (worn)
Scrolls
 c - a scroll of immolation {unknown}
 d - a scroll of brand weapon {unknown}
 e - a scroll of torment {unknown}
 f - a scroll of enchant weapon {unknown}
 g - a scroll of amnesia {unknown}
 h - a scroll of fog {unknown}
 i - a scroll of identify {unknown}
 k - a scroll of vulnerability
Potions
 j - a potion of attraction {unknown}
 l - a potion of resistance {unknown}
 m - a potion of berserk rage {unknown}
 n - 2 potions of haste {unknown}
 o - a potion of might {unknown}


   Skills:
 - Level 3.1 Fighting
 + Level 3.0 Polearms
 * Level 4.5 Dodging
 - Level 1.7 Stealth


You had 2 spell levels left.
You knew the following spells:

 Your Spells              Type           Power      Damage    Failure   Level
a - Freeze                Ice            0%         1d3       34%         1
Your spell library was empty.

Dungeon Overview and Level Annotations

Branches:
Dungeon (2/15)            Ossuary (1/1)

Altars:


Innate Abilities, Weirdness & Mutations

You are immune to sickness and miasma.
You are immune to poison.
Your flesh is very heat resistant. (rF++)
You are vulnerable to cold. (rC-)
You float through the air rather than walking.
You learn spells naturally, not from books.
Your magical power is your life essence.
You have superior vitality. (+4 MHP)


Message History

Really fly onto that alarm trap? [Y]es or [N]o only, please.
Really fly onto that alarm trap? [Y]es or [N]o only, please.
Really fly onto that alarm trap?
You set off the alarm!
The alarm trap emits a blaring wail!
A sentinel's mark forms upon you.
f - a scroll labelled ALAGIOJYMU You see here a potion of degeneration.
m - a sedimented coppery potion You see here a scroll of noise.
n - 2 murky silvery potions
o - a black potion
As you read the scroll labelled TIOXTY KEBELY, it crumbles to dust.
Magic quickly surges around you.
It was a scroll of vulnerability.
You reach down and open the door.
A kobold zombie comes into view.
The kobold zombie closely misses you.
There is an open door here.
You hit the kobold zombie.
The kobold zombie is heavily damaged.
The kobold zombie hits you.
You hit the kobold zombie.
You destroy the kobold zombie!
There is an open door here.
A mummy comes into view.
The mummy closely misses you.
You hit the mummy.
The mummy is moderately damaged.
You hit the mummy but do no damage.
The mummy is moderately damaged.
The mummy hits you!
* * * LOW HITPOINT WARNING * * *
You barely miss the mummy.
The mummy is moderately damaged.
You hit the mummy.
The mummy is moderately damaged.
Something unseen opens the door.
The mummy hits you.
You die...

##### #.?.# #!..#
# ##.## ###'###
#.### ##....^##
##.'.#
##.......###..###
#.........#...+
+....⌠....M@..#
#^........#...+
##.......###..###
##.....## ##.'.#
###'### #.### #.#
##.## ##.## #?!.#
#.∩.# #.!?# #.∩.#
#####


You could see a mummy.

Vanquished Creatures
  A centaur zombie (Ossuary)
  6 endoplasms
  2 goblins (D:1)
  3 hobgoblins (D:1)
  3 kobolds (D:1)
  2 quokkas
  2 bats (D:2)
  3 frilled lizards
  A kobold zombie (Ossuary)
  6 rats (D:1)
29 creatures vanquished.

Notes
Turn   | Place    | Note
-------+----------+-------------------------------------------
     0 | D:1      | innerfire433 the Djinni Monk began the quest for the Orb.
     0 | D:1      | Reached XP level 1. HP: 20/20 MP: 0/0
     3 | D:1      | Noticed a minotaur skeleton
     5 | D:1      | Noticed a vampire
     9 | D:1      | Noticed a demonspawn zombie
    15 | D:1      | Noticed a human
   193 | D:1      | Reached XP level 2. HP: 25/25 MP: 0/0
   213 | D:1      | HP: 1/25 [frozen (7)]
   695 | D:1      | Reached XP level 3. HP: 8/30 MP: 0/0
   695 | D:1      | Learned a level 1 spell: Freeze
  1118 | D:2      | Reached skill level 4 in Dodging
  1293 | D:2      | You are sucked into a shaft and drop 2 floors!
  1293 | D:4      | Found a sand-covered staircase.
  1296 | Ossuary  | Entered an ossuary
  1347 | Ossuary  | Reached XP level 4. HP: 14/35 MP: 0/0
  1389 | Ossuary  | HP: 1/35 [mummy (16)]
  1391 | Ossuary  | Slain by a mummy

Illustrated notes

Levels and vault maps discovered:
D:1:      shiori_arrival_whats_in_store_for_you, layout_rooms,
          chequers_serial_rivers_room_a
D:2:      layout_loops_cross, dreamdust_ecumenical_altar_drowned_temple,
          nrook_campfire, st_stairs_9, kennysheep_boxes
D:4:      layout_rooms, minmay_temple_entry_hall, nicolae_ossuary_entry_plus,
          st_stairs_1, minmay_misc_feat_pillars, kennysheep_generic_room_8
Ossuary:  ossuary_crypta

Skill      XL: |  1  2  3 |
---------------+----------+-----
Dodging        | 4 |  4.5
Polearms       | 3 |  3.0
Fighting       | |  3.1
Stealth        | |  1.7

Action                   |  1- 3 |  4- 6 || total
-------------------------+-------+-------++-------
Melee: Spear             |   100 |     6 ||   106
 Cast: Freeze            |     2 |       ||     2
  Use: Potion            |     2 |       ||     2
       Scroll            |       |     1 ||     1
 Stab: Sleeping          |     5 |       ||     5
Armor: Robe              |    13 |       ||    13
Dodge: Dodged            |    47 |     2 ||    49

Table legend: (Time is in decaauts)
 A = Elapsed time spent in this place.
 B = Non-inter-level travel time spent in this place.
 C = Inter-level travel time spent in this place.
 D = Time resting spent in this place.
 E = Time spent auto-exploring this place.
 F = Levels seen in this place.
 G = Mean time per level.
                   A        B        C        D        E       F      G
               +--------+--------+--------+--------+--------+-----+--------+
         Total |   1387 |   1387 |      0 |      0 |   1118 |   4 |  346.8 |
       Dungeon |   1293 |   1293 |      0 |      0 |   1099 |   3 |  431.0 |
       Ossuary |     93 |     93 |      0 |      0 |     19 |   1 |   93.0 |
               +--------+--------+--------+--------+--------+-----+--------+

Top non-repeatable levels by time:
     D:1: 1086 daAuts
     D:2: 204 daAuts
 Ossuary: 93 daAuts
     D:4: 2 daAuts
